 Dungeon Crawl Stone Soup version 0.23-b1-67-g8bd44de (webtiles) character file.

Game seed: 1430084354479699534

13497 Yuikono the Zephyrmancer (level 12, -1/68 HPs)
             Began as a Tengu Air Elementalist on Feb 5, 2019.
             Was a High Priest of Sif Muna.
             Shot with an arrow by Nessos (2 damage)
             ... on level 13 of the Dungeon.
             The game lasted 01:16:58 (18801 turns).

Yuikono the Zephyrmancer (Tengu Air Elementalist)  Turns: 18801, Time: 01:16:59

Health: -1/68      AC:  7    Str: 11    XL:     12   Next: 6%
Magic:  29/33      EV: 15    Int: 22    God:    Sif Muna [*****.]
Gold:   894        SH:  0    Dex: 16    Spells: 6/25 levels left

rFire    + . .     SeeInvis .   M - +0 dagger (distort)
rCold    + . .     Gourm    .   (no shield)
rNeg     . . .     Faith    .   d - +2 robe {rC+ rF+}
rPois    +         Spirit   .   (helmet restricted)
rElec    .         Reflect  .   P - +1 cloak {rPois}
rCorr    .         Harm     .   k - +0 pair of gloves
MR       .....                  (boots unavailable)
Stlth    ++........             (no amulet)
HPRegen  0.21/turn              m - +5 ring of intelligence
MPRegen  0.23/turn              o - ring of magical power

@: lethally poisoned (-1 -> -15), flying quickly and evasively, very slightly
contaminated, quick
A: beak, talons 3, able to fly
a: Stop Flying, Divine Energy, Channel Magic, Forget Spell, Renounce Religion


You were on level 13 of the Dungeon.
You worshipped Sif Muna.
Sif Muna was extremely pleased with you.
You were not hungry.

You visited 2 branches of the dungeon, and saw 14 of its levels.

You collected 894 gold pieces.

Inventory:

Hand Weapons
 y - a +0 hand axe of freezing
 C - a +3 dagger of speed
 F - a +0 hunting sling
 M - a +0 dagger of distortion (weapon)
Missiles
 a - 82 sling bullets
 e - 86 poisoned needles
 n - 139 stones (quivered)
 r - 421 arrows
 x - 101 bolts
 E - 17 tomahawks
 I - 8 needles of confusion
 K - 3 throwing nets
Armour
 b - a +0 ring mail of positive energy
 d - a +2 robe of resistance (worn)
 k - a +0 pair of gloves (worn)
 P - a +1 cloak of poison resistance (worn)
 S - a +1 robe of magic resistance
 U - a +3 leather armour
Magical Staves
 i - an uncursed staff of earth
 O - an uncursed staff of energy
Jewellery
 m - a +5 ring of intelligence (left hand)
 o - a ring of magical power (right hand)
 B - a +5 ring of dexterity
 R - an uncursed ring of wizardry {unknown}
Wands
 f - a wand of paralysis (7)
 H - a wand of disintegration (11)
 L - a wand of digging (6)
 Y - a wand of random effects (19)
 Z - a wand of acid (5)
Scrolls
 h - 7 scrolls of remove curse
 j - a scroll of vulnerability {unknown}
 q - 4 scrolls of teleportation
 s - a scroll of fog
 w - 6 scrolls of immolation
 A - 4 scrolls of identify
 G - 4 scrolls of magic mapping
 J - a scroll of amnesia {unknown}
 T - a scroll of enchant weapon {unknown}
 W - a scroll of torment {unknown}
Potions
 g - 3 potions of might
 p - a potion of brilliance {unknown}
 t - a potion of ambrosia {unknown}
 u - a potion of agility
 v - a potion of mutation {unknown}
 D - 2 potions of invisibility {unknown}
 N - a potion of curing
 Q - 2 potions of lignification {unknown}
 V - a potion of haste
Comestibles
 c - 18 rations


   Skills:
 - Level 5.0 Fighting
 - Level 2.1 Dodging
 - Level 2.0 Stealth
 + Level 7.4 Spellcasting
 - Level 12.2 Conjurations
 + Level 3.9 Charms
 + Level 5.1 Necromancy
 - Level 12.7 Air Magic
 + Level 6.3 Invocations


You had 6 spell levels left.
You knew the following spells:

 Your Spells              Type           Power        Failure   Level  Hunger
a - Shock                 Conj/Air       ####         1%          1    None
b - Swiftness             Chrm/Air       #####...     1%          2    None
c - Static Discharge      Conj/Air       ######..     1%          3    None
d - Airstrike             Air            ######....   1%          4    ###....
e - Lightning Bolt        Conj/Air       ######....   1%          5    #####..
f - Animate Dead          Necr           N/A          10%         4    ###....

Your spell library contained the following spells:

 Spells                   Type           Power        Failure   Level  Hunger
 Animate Skeleton         Necr           N/A          1%          1    None
 Flame Tongue             Conj/Fire      #####        1%          1    None
 Pain                     Necr           ####         1%          1    None
 Throw Frost              Conj/Ice       #####.       1%          2    None
 Mephitic Cloud           Conj/Pois/Air  #####...     1%          3    None
 Vampiric Draining        Necr           ####......   2%          3    None
 Regeneration             Chrm/Necr      ####......   3%          3    None
 Sticky Flame             Conj/Fire      #####...     6%          4    ###....
 Throw Icicle             Conj/Ice       #####...     6%          4    ###....
 Freeze                   Ice            #...         8%          1    None
 Ozocubu's Armour         Chrm/Ice       ###.....     11%         3    None
 Passwall                 Tmut/Erth      #.......     12%         2    None
 Fireball                 Conj/Fire      #####.....   19%         5    #####..
 Spider Form              Tmut/Pois      #.........   24%         3    None
 Ice Form                 Ice/Tmut       #.......     61%         4    ###....
 Summon Ice Beast         Ice/Summ       #.......     61%         4    ###....
 Poison Arrow             Conj/Pois      #####.....   69%         6    ######.
 Blade Hands              Tmut           #.........   91%         5    #####..
 Statue Form              Tmut/Erth      #........    100%        6    ######.


Dungeon Overview and Level Annotations

Branches:
Dungeon (13/15)            Temple (1/1) D:6            Lair (0/6) D:9
    Orc (0/2) D:11
 Vaults: D:13-14

Altars:
Ashenzari
Cheibriados
Dithmenos
Elyvilon
Fedhas
Gozag
Hepliaklqana
Kikubaaqudgha
Makhleb
Nemelex Xobeh
Okawaru
Qazlal
Ru
Sif Muna
Trog
Uskayaw
Vehumet
Wu Jian
Xom
Yredelemnul
Zin
The Shining One

Shops:
D:8 (

Portals:
Trove: D:11 (give 3 potions of resistance)

Annotations:
D:3 1 runed translucent door, Crazy Yiuf
D:4 3 runed translucent doors, Flooderbenga's ghost, amateur DDFi; Hylith's ghost, amateur HOMo
D:13 Nessos


Innate Abilities, Weirdness & Mutations

You have a beak for a mouth.
You have claws for feet.
You can fly continuously.


Message History

As you read the scroll of blinking, it crumbles to dust.
You hear a distant slurping noise.
There is an open door, spattered with blood here.
You reach down and close the door.
Nessos opens the door.
Nessos shoots an arrow.
The arrow misses you.
Nessos shoots an arrow.
The arrow hits you!!
* * * LOW HITPOINT WARNING * * *
The arrow burns you.
* * * LOW HITPOINT WARNING * * *
As you read the scroll of fog, it crumbles to dust.
The scroll dissolves into smoke.
Nessos shoots an arrow.
The arrow closely misses you.
Nessos pounds the earth with his hooves.
Nessos blinks!
Nessos shoots an arrow.
The arrow hits you!
* * * LOW HITPOINT WARNING * * *
The arrow burns you.
You are lethally poisoned!
You die...

########### ..........#
###########
..........####§§§§.(...#
§......§..'.##.§§§§....#
§.........#.##.§@§§....#
§c........#.c'.§§§.....#
§W........####.§§§.....#
§§§.......# ##'########
.§........# #.######
...######## #...ZZ.#
##....###### ######.###
#....c.....## #........#
#...[.c....'.##........#


You could see Nessos.

Vanquished Creatures
  A tengu warrior (D:13)
  Nergalle (D:11)
  An ugly thing (D:13)
  Psyche (D:8)
  Maurice (D:8)
  Joseph (D:7)
  A hippogriff (D:9)
  8 slime creatures (D:12)
  Prince Ribbit (D:8)
  A wyvern (D:9)
  8 yaks
  2 wargs (D:9)
  A water moccasin (D:12)
  2 ice beasts
  5 orc warriors
  A swamp drake (D:11)
  4 eyes of draining
  3 sky beasts
  A black bear (D:8)
  A wolf (D:6)
  3 ogres
  3 phantoms
  3 necrophages
  12 centaurs
  A crocodile (D:11)
  7 bullfrogs
  5 gnoll sergeants (D:6)
  A scorpion (D:6)
  2 water moccasin zombies (D:7)
  10 killer bees
  2 centaur zombies
  2 howler monkeys
  A bullfrog zombie (D:6)
  5 crimson imps
  A quasit (D:10)
  9 hounds
  6 jellies
  13 orc priests
  2 bullfrog skeletons (D:6)
  2 centaur skeletons
  3 gnoll shamans (D:6)
  3 iron imps (D:5)
  13 orc wizards
  An iguana (D:9)
  8 worker ants
  A worker ant zombie (D:6)
  Robin (D:3)
  20 gnolls (D:6)
  12 adders
  2 shadow imps
  An ooze (D:1)
  3 worms
  4 dart slugs
  9 leopard geckos
  58 orcs
  6 bats
  4 giant cockroaches
  17 goblins
  11 hobgoblins
  12 jackals
  5 kobolds
  4 quokkas
  2 ball pythons
  4 rats
339 creatures vanquished.

Vanquished Creatures (collateral kills)
  A yak (D:13)
1 creature vanquished.

Vanquished Creatures (others)
  A centaur zombie (D:12)
  A human (D:13)
  A jelly (D:10)
  A quasit (D:9)
  2 adders
  3 orcs
  5 withered plants (D:4)
14 creatures vanquished.

Grand Total: 354 creatures vanquished

Notes
Turn   | Place    | Note
-------+----------+-------------------------------------------
     0 | D:1      | Yuikono the Tengu Air Elementalist began the quest for the
                  | Orb.
     0 | D:1      | Reached XP level 1. HP: 10/10 MP: 4/4
   357 | D:1      | Reached XP level 2. HP: 7/15 MP: 6/6
  1019 | D:1      | Learned a level 2 spell: Swiftness
  1149 | D:1      | Reached XP level 3. HP: 13/19 MP: 7/7
  1154 | D:1      | Learned a level 3 spell: Static Discharge
  2217 | D:2      | Reached XP level 4. HP: 24/24 MP: 9/9
  2781 | D:3      | Found a snail-covered altar of Cheibriados.
  2811 | D:3      | Reached skill level 5 in Air Magic
  2848 | D:3      | Found a deep blue altar of Sif Muna.
  2871 | D:3      | Became a worshipper of Sif Muna the Loreminder
  3111 | D:3      | Noticed Robin
  3431 | D:3      | Gained mutation: You can fly continuously. [Tengu growth]
  3431 | D:3      | Reached XP level 5. HP: 13/28 MP: 10/10
  3677 | D:3      | Killed Robin
  4142 | D:3      | Found a runed translucent door.
  4143 | D:3      | Noticed Crazy Yiuf
  4421 | D:4      | Learned a level 4 spell: Airstrike
  4480 | D:4      | Found a sacrificial altar of Ru.
  4491 | D:4      | Found a runed translucent gate.
  4491 | D:4      | Found a runed translucent gate.
  4492 | D:4      | Found a runed translucent gate.
  4493 | D:4      | Noticed Hylith's ghost (amateur HOMo)
  4494 | D:4      | Noticed Flooderbenga's ghost (amateur DDFi)
  4510 | D:4      | Noticed an ogre
  4518 | D:4      | Reached XP level 6. HP: 33/33 MP: 12/12
  4575 | D:4      | Reached skill level 1 in Fighting
  4684 | D:4      | Reached * piety under Sif Muna
  4684 | D:4      | Reached skill level 5 in Conjurations
  5310 | D:5      | Entered Level 5 of the Dungeon
  5310 | D:5      | Noticed a phantom
  5317 | D:4      | Reached XP level 7. HP: 32/40 MP: 13/13
  6128 | D:5      | Found a burning altar of Makhleb.
  6134 | D:5      | Reached XP level 8. HP: 47/47 MP: 10/14
  6435 | D:4      | Found a bloodstained altar of Trog.
  6630 | D:6      | Found a staircase to the Ecumenical Temple.
  6640 | Temple   | Entered the Ecumenical Temple
  6961 | D:6      | Reached ** piety under Sif Muna
  7191 | D:6      | Reached skill level 5 in Fighting
  7344 | D:6      | Found a shattered altar of Ashenzari.
  7351 | D:6      | Identified the cursed +0 ring mail "Gehak" {rCorr} (You
                  | found it on level 6 of the Dungeon)
  7437 | D:5      | HP: 2/49 [poisoned by a gnoll]
  7986 | D:6      | Reached XP level 9. HP: 54/54 MP: 15/15
  8289 | D:6      | Reached skill level 10 in Air Magic
  8391 | D:6      | Reached *** piety under Sif Muna
  8764 | D:6      | Identified the Compendium of Earthen Transmigration
  8967 | D:6      | Reached skill level 10 in Conjurations
  9681 | D:7      | Reached skill level 1 in Invocations
 10269 | D:7      | Reached XP level 10. HP: 59/59 MP: 17/17
 10361 | D:7      | Noticed Joseph
 10369 | D:7      | Learned a level 5 spell: Lightning Bolt
 10407 | D:7      | Reached **** piety under Sif Muna
 10577 | D:7      | Killed Joseph
 10694 | D:7      | Found a hazy altar of Hepliaklqana.
 10768 | D:8      | Found Extofag's Weapon Shop.
 10854 | D:8      | Noticed Psyche
 10859 | D:8      | Killed Psyche
 11362 | D:8      | Noticed Maurice
 11366 | D:8      | Killed Maurice
 11416 | D:8      | Noticed Prince Ribbit
 11430 | D:8      | Killed Prince Ribbit
 11430 | D:8      | Reached skill level 5 in Spellcasting
 11786 | D:8      | Identified the +1 helmet of Eternal Night {rPois} (You
                  | found it on level 8 of the Dungeon)
 12235 | D:8      | Found a white marble altar of Elyvilon.
 12647 | D:9      | Found a staircase to the Lair.
 13274 | D:9      | Reached XP level 11. HP: 63/63 MP: 9/20
 13765 | D:9      | Learned a level 4 spell: Animate Dead
 13793 | D:10     | Entered Level 10 of the Dungeon
 14016 | D:10     | Reached skill level 1 in Necromancy
 14277 | D:10     | Reached ***** piety under Sif Muna
 14277 | D:10     | Reached skill level 1 in Charms
 14312 | D:10     | Identified Sif Muna's Almanac of Noxious Confrontation (Sif
                  | Muna gifted it to you on level 10 of the Dungeon)
 14312 | D:10     | Received a gift from Sif Muna
 14760 | D:11     | Found a portal to a secret trove of treasure.
 14980 | D:11     | Noticed Nergalle
 14992 | D:11     | Killed Nergalle
 14992 | D:11     | Reached skill level 5 in Invocations
 15611 | D:11     | Found a staircase to the Orcish Mines.
 16856 | D:12     | Identified the +1 hand axe of Success {chop, *Slow +Inv
                  | rF+}
 18391 | D:13     | Noticed a tengu warrior
 18395 | D:13     | Killed a tengu warrior
 18542 | D:13     | Reached XP level 12. HP: 50/68 MP: 23/23
 18543 | D:13     | Reached skill level 5 in Necromancy
 18771 | D:13     | Noticed Nessos
 18801 | D:13     | HP: 1/68 [Nessos/arrow (11)]
 18801 | D:13     | Shot with an arrow by Nessos

Skill      XL: |  1  2  3  4  5  6  7  8  9 10 11 12 |
---------------+-------------------------------------+-----
Conjurations   | 2 3 4 5 6 8 10 12 | 12.2
Air Magic      | 5 6 7 9 11 12 | 12.7
Spellcasting   | 3 4 5 7 |  7.4
Fighting       | 2 3 5 |  5.0
Invocations    | 1 4 6 |  6.3
Necromancy     | 4 5 |  5.1
Charms         | 3 |  3.9
Dodging        | |  2.1
Stealth        | |  2.0

Action                   |  1- 3 |  4- 6 |  7- 9 | 10-12 || total
-------------------------+-------+-------+-------+-------++-------
Melee: Hand axe          |    22 |       |       |       ||    22
       Peck              |    11 |     3 |    15 |    48 ||    77
       Kick              |    11 |     3 |    19 |    58 ||    91
       Dagger            |    41 |    22 |    85 |   291 ||   439
Throw: Stone             |       |       |       |    26 ||    26
 Cast: Shock             |    22 |   102 |   168 |   113 ||   405
       Static Discharge  |     3 |    10 |    64 |    30 ||   107
       Airstrike         |       |     1 |    17 |    84 ||   102
       Lightning Bolt    |       |       |       |    40 ||    40
       Swiftness         |       |       |       |     3 ||     3
       Animate Dead      |       |       |       |     5 ||     5
Invok: Channel Magic     |       |       |       |     1 ||     1
 Abil: Fly               |       |       |     2 |       ||     2
       Stop Flying       |       |       |     1 |       ||     1
Evoke: Wand              |       |     3 |       |     6 ||     9
  Use: Scroll            |       |    10 |     5 |    11 ||    26
       Potion            |       |       |     3 |     4 ||     7
 Stab: Sleeping          |     2 |     3 |     2 |     5 ||    12
       Confused          |       |       |       |     1 ||     1
  Eat: Chunk             |     4 |     7 |    17 |    27 ||    55
       Ration            |       |     1 |     2 |     6 ||     9
Armor: Robe              |    17 |     9 |    33 |    61 ||   120
Dodge: Dodged            |    44 |    23 |    84 |   201 ||   352
